 Dungeon Crawl Stone Soup version 0.29.1-13-g9f3cf754e1 (webtiles) character file.

Game seed: 17348612952234543

5488 Descartes the Blocker (level 11, -2/75 HPs)
             Began as a Formicid Fighter on Jan 19, 2023.
             Was an Initiate of Gozag.
             Slain by a death yak (12 damage)
             ... on level 7 of the Dungeon.
             The game lasted 00:11:23 (6868 turns).

Descartes the Blocker (Formicid Fighter)            Turns: 6868, Time: 00:11:23

Health: -2/75      AC: 23    Str: 30    XL:     11   Next: 1%
Magic:  11/11      EV:  8    Int:  9    God:    Gozag
Gold:   952        SH:  7    Dex: 13    Spells: 10/10 levels left

rFire   . . .      SeeInvis +   a - +0 war axe
rCold   . . .      Faith    .   c - +0 buckler
rNeg    . . .      Spirit   .   w - +8 chain mail of Uxaych {Regen+}
rPois   +          Reflect  .   (helmet unavailable)
rElec   .          Harm     .   (no cloak)
rCorr   .          Rampage  .   t - +1 pair of gloves
Will    +....                   l - +0 pair of boots
Stlth   ..........              q - amulet of regeneration
HPRegen 1.82/turn               C - ring of poison resistance
MPRegen 0.12/turn               D - +6 ring of strength

@: gold aura
A: permanent stasis, dig shafts and tunnels, antennae 3, four strong arms
a: Dig, Shaft Self, Renounce Religion, Potion Petition, Call Merchant, Bribe
Branch


You were on level 7 of the Dungeon.
You worshipped Gozag.
Gozag was pleased with you.
You visited 2 branches of the dungeon, and saw 9 of its levels.
You also visited: Bailey.

You collected 992 gold pieces.
You paid 40 gold pieces to Gozag.

Inventory:

Hand Weapons
 a - a +0 war axe (weapon)
 b - a +2 flail of holy wrath
 M - a +1 vorpal hand axe
 N - a +2 vorpal hand axe
 O - a +0 broad axe
Missiles
 e - 19 poisoned darts
 G - 9 boomerangs
Armour
 c - a +0 buckler (worn)
 l - a +0 pair of boots (worn)
 t - a +1 pair of gloves (worn)
 w - the +8 chain mail of Uxaych (worn) {Regen+}
   (You found it on level 5 of the Dungeon)

   Regen:     It increases your rate of health regeneration.
Jewellery
 q - an amulet of regeneration (around neck)
 C - a ring of poison resistance (left hand)
 D - a +6 ring of strength (right hand)
 E - a +6 ring of intelligence
 F - a ring of willpower
 K - a ring of protection from fire
Wands
 A - a wand of charming (18)
Scrolls
 g - 2 scrolls of enchant weapon {unknown}
 h - 9 scrolls of identify {unknown}
 k - 3 scrolls of noise {unknown}
 n - 3 scrolls of magic mapping {unknown}
 p - a scroll of acquirement {unknown}
 s - 2 scrolls of poison {unknown}
 v - 6 scrolls of teleportation {unknown}
 x - a scroll of fog {unknown}
 y - a scroll of enchant armour {unknown}
 z - a scroll of brand weapon {unknown}
 B - 2 scrolls of immolation {unknown}
 I - a scroll of amnesia {unknown}
 J - a scroll of blinking {unknown}
 L - a scroll of fear {unknown}
Potions
 d - a potion of might
 f - 4 potions of curing {unknown}
 i - a potion of attraction {unknown}
 j - 5 potions of haste
 m - 2 potions of mutation {unknown}
 o - 4 potions of lignification {unknown}
 r - 4 potions of heal wounds {unknown}
 u - a potion of cancellation {unknown}
Miscellaneous
 H - a piece from Xom's chessboard (15/15)


   Skills:
 - Level 3.2 Fighting
 + Level 8.4(9.4) Axes
 + Level 6.5(8.5) Maces & Flails
 + Level 9.6 Armour
 + Level 11.3 Shields


You had 10 spell levels left.
You didn't know any spells.
Your spell library contained the following spells:

 Spells                   Type           Power      Damage    Failure   Level
 Dispersal                Tloc           0%         N/A       100%        6
 Disjunction              Tloc           0%         N/A       100%        8


Dungeon Overview and Level Annotations

Branches:
Dungeon (8/15)             Temple (1/1) D:4          Bailey (visited)
   Lair: D:8-11

Altars:
Ashenzari
Cheibriados
Dithmenos
Fedhas
Gozag
Hepliaklqana
Kikubaaqudgha
Nemelex Xobeh
Okawaru
Qazlal
Ru
Sif Muna
Trog
Uskayaw
Vehumet
Wu Jian
Xom
Zin
The Shining One

Shops:
D:5 *


Innate Abilities, Weirdness & Mutations

You cannot be hasted, slowed, berserked, paralysed or teleported.
You can dig through walls and to a lower floor.
You have a pair of large antennae on your head. (SInv)
Your four strong arms can wield two-handed weapons with a shield.


Message History

You slash the death yak!
The death yak is heavily wounded.
You block the death yak's attack.
You hit the death yak but do no damage.
The death yak is heavily wounded.
The death yak gores you!!
You hit the death yak.
The death yak is heavily wounded.
You block the death yak's attack.
You hit the death yak.
The death yak is heavily wounded.
The death yak gores you.
You hit the death yak but do no damage.
The death yak is heavily wounded.
You block the death yak's attack.
You hit the death yak.
The death yak is severely wounded.
The death yak gores you.
You barely miss the death yak.
The death yak is severely wounded.
The death yak gores you but does no damage.
You barely miss the death yak.
The death yak is severely wounded.
The death yak gores you but does no damage.
You hit the death yak.
The death yak is severely wounded.
The death yak gores you!!
* * * LOW HITPOINT WARNING * * *
You barely miss the death yak.
The death yak is severely wounded.
The death yak gores you but does no damage.
You hit the death yak but do no damage.
The death yak is severely wounded.
The death yak gores you!
* * * LOW HITPOINT WARNING * * *
You hit the death yak.
The death yak is severely wounded.
The death yak gores you!
You die...
Your body crumbles into a pile of gold.

#####.......###
###...#.#####.#.##
#.......# #..#.##
##.#...#># #.###.##
#........# #.# ##..
#........#####.###.#.
#...............#.##.
##.#<..#.#######.###.
#..@Y...# #.# #.
##..$..########.# #.
##...###.....#.# #.
##..# #.....#.# #.
##.# #.......# #. #.#
#..<..### #. #.#
#.....# #. ####.#
####### #. #....#
##### #.


You could see a death yak.

Vanquished Creatures
  2 vault guards (Bailey)
  Grinder (D:4)
  Prince Ribbit (Bailey)
  Sigmund (D:3)
  A vampire (D:7)
  5 humans (Bailey)
  A water moccasin (D:6)
  A black bear (D:6)
  5 sky beasts
  An ice beast (D:6)
  An ogre (D:7)
  A centaur (D:7)
  3 phantoms
  A kobold brigand (D:6)
  12 bullfrogs
  4 scorpions
  A howler monkey (D:5)
  2 jellies
  3 orc priests
  3 hounds
  4 iguanas (D:5)
  2 orc wizards (D:7)
  Robin (D:3)
  10 adders
  A gnoll (D:3)
  2 white imps
  An ufetubus (D:5)
  3 worms
  5 dart slugs
  25 orcs
  5 bats
  8 endoplasms
  18 goblins
  11 hobgoblins
  2 jackals
  10 kobolds
  6 quokkas
  10 ball pythons
  3 frilled lizards
  4 rats
181 creatures vanquished.

Notes
Turn   | Place    | Note
-------+----------+-------------------------------------------
     0 | D:1      | Descartes the Formicid Fighter began the quest for the Orb.
     0 | D:1      | Reached XP level 1. HP: 18/18 MP: 1/1
   145 | D:1      | Reached XP level 2. HP: 23/24 MP: 2/2
   570 | D:1      | Reached XP level 3. HP: 29/29 MP: 3/3
  1163 | D:2      | Found a faded altar of an unknown god.
  1249 | D:2      | Reached XP level 4. HP: 31/35 MP: 4/4
  1659 | D:2      | Reached skill level 5 in Shields
  1710 | D:2      | Reached XP level 5. HP: 36/41 MP: 5/5
  1888 | D:2      | Found an ancient bone altar of Kikubaaqudgha.
  2472 | D:3      | Noticed Sigmund
  2481 | D:3      | Killed Sigmund
  2482 | D:3      | Reached skill level 5 in Armour
  2482 | D:3      | Reached skill level 6 in Shields
  2482 | D:3      | Reached XP level 6. HP: 45/47 MP: 6/6
  2574 | D:3      | Noticed Robin
  2599 | D:3      | Killed Robin
  3068 | D:4      | Found a staircase to the Ecumenical Temple.
  3079 | D:4      | Reached XP level 7. HP: 38/52 MP: 7/7
  3117 | D:4      | Reached skill level 7 in Shields
  3134 | Temple   | Entered the Ecumenical Temple
  3144 | Temple   | Became a worshipper of Gozag Ym Sagoz the Greedy
  3279 | D:4      | Found an iron altar of Okawaru.
  3384 | D:4      | Reached skill level 5 in Axes
  3997 | D:4      | Noticed Grinder
  4008 | D:4      | Reached XP level 8. HP: 58/58 MP: 8/8
  4031 | D:4      | Killed Grinder
  4032 | D:4      | Reached skill level 1 in Maces & Flails
  4243 | D:5      | Entered Level 5 of the Dungeon
  4400 | D:5      | Reached skill level 8 in Shields
  4437 | D:5      | Found a shadowy altar of Dithmenos.
  4493 | D:5      | Identified the +8 chain mail of Uxaych {Regen+}
  4665 | D:5      | Found Fisaud's Assorted Antiques.
  4877 | D:6      | Reached XP level 9. HP: 61/64 MP: 9/9
  4944 | D:6      | Reached skill level 9 in Shields
  5711 | D:7      | Found a flagged portal.
  5722 | Bailey   | Entered a bailey
  5772 | Bailey   | Reached skill level 10 in Shields
  5772 | Bailey   | Reached XP level 10. HP: 57/70 MP: 10/10
  5781 | Bailey   | Reached skill level 5 in Maces & Flails
  5808 | Bailey   | Noticed Prince Ribbit
  5808 | Bailey   | Noticed a vault guard
  5829 | Bailey   | Killed Prince Ribbit
  5844 | Bailey   | Killed a vault guard
  5906 | Bailey   | Noticed a vault guard
  5929 | Bailey   | Killed a vault guard
  5930 | Bailey   | Reached skill level 11 in Shields
  6817 | D:8      | Noticed a death yak
  6855 | D:7      | Reached XP level 11. HP: 56/75 MP: 11/11
  6868 | D:7      | Slain by a death yak

Illustrated notes

Levels and vault maps discovered:
D:1:      co_arrival_random_square_maze, layout_basic
D:2:      kennysheep_six_static_rooms, layout_loops_ring, basic_altar,
          hellmonk_ecumenical_altar_defaced_shrine, minmay_tree_intersection
D:3:      minmay_skewed_foursquare, layout_basic, serial_glass, glass_columns_b,
          glass_columns_a, hangedman_abyss_or_decor_stabs, uniq_sigmund,
          uniq_robin
D:4:      layout_layer_cave, okawaru_ov_weapons_minmay,
          minmay_temple_entry_stoned_glass, uniq_grinder
D:5:      layout_rooms, grunt_dithmenos_smoke_and_mirrors, serial_shops, shop,
          eino_small_chamber_without_monster, kennysheep_boxes
D:6:      black_bear_nest_1, layout_gridville, hellmonk_bongcloud_opening
D:7:      layout_loops_cross, enter_bailey_2
D:8:      layout_gridville, dpeg_lair_monsters
Temple:   sentei_temple_godly_chess

Skill      XL: |  1  2  3  4  5  6  7  8  9 10 |
---------------+-------------------------------+-----
Armour         | 4 5 6 7 8 9 |  9.6
Shields        | 5 6 7 8 10 11 | 11.3
Axes           | 3 4 5 6 7 8 |  8.4
Maces & Flails | 3 4 6 |  6.5
Fighting       | |  3.2

Action                   |  1- 3 |  4- 6 |  7- 9 | 10-12 || total
-------------------------+-------+-------+-------+-------++-------
Melee: War axe           |    86 |   147 |   310 |   196 ||   739
 Stab: Distracted        |       |       |     4 |       ||     4
Armor: Scale mail        |    47 |    64 |       |       ||   111
       Chain mail        |       |    44 |   199 |   121 ||   364
Dodge: Dodged            |    46 |    48 |    95 |    80 ||   269
Block: Buckler           |    23 |    56 |    72 |    77 ||   228
